 Dungeon Crawl Stone Soup version 0.30-a0-1082-g70414cbcbb (webtiles) character file.

Game seed: 17550705387152888741

4727 Kauriferous the Cleaver (level 10, -2/90 (91) HPs)
             Began as a Minotaur Fighter on Apr 15, 2023.
             Was a Believer of Okawaru.
             Slain by a small abomination (13 damage)
             ... on level 1 of the Abyss.
             The game lasted 00:38:55 (9635 turns).

Kauriferous the Cleaver (Minotaur Fighter)          Turns: 9635, Time: 00:38:55

HP:   -2/90 (91)    AC:  7    Str: 26    XL:     10   Next: 22%
MP:   7/9           EV: 11    Int:  5    God:    Okawaru [**....]
Gold: 386           SH: 12    Dex:  9    Spells: 9/9 levels left

rFire   . . .      SeeInvis +    a - +0 war axe
rCold   . . .      Faith    .    c - +0 buckler
rNeg    . . .      Spirit   .    b - +0 scale mail
rPois   .          Reflect  +    (helmet restricted)
rElec   .          Rampage  .    w - +0 cloak
rCorr   .                        R - +2 pair of gloves
Will    .....                    (no boots)
Stlth   +                        B - amulet of reflection
HPRegen 0.00/turn                t - ring of see invisible
MPRegen 0.11/turn                (no ring)

@: heroic, corroded, sick, lightly drained
A: horns 2, retaliatory headbutt
a: Renounce Religion, Heroism


You were on level 1 of the Abyss.
You worshipped Okawaru.
Okawaru was pleased with you.
You visited 2 branches of the dungeon, and saw 9 of its levels.
You visited the Abyss 1 time.
You also visited: Sewer.

You collected 416 gold pieces.
You spent 30 gold pieces at shops.

Inventory:

Hand Weapons
 a - a +0 war axe (weapon)
Missiles
 i - 2 boomerangs
 u - 30 poisoned darts (quivered)
 D - 3 throwing nets
 E - a silver javelin
 L - a curare-tipped dart
 N - 6 atropa-tipped darts
 P - 5 javelins
Armour
 b - a +0 scale mail (worn)
 c - a +0 buckler (worn)
 w - a +0 cloak (worn)
 R - a +2 pair of gloves (worn)
Jewellery
 t - a ring of see invisible (left hand)
 B - an amulet of reflection (around neck)
 Q - an amulet of guardian spirit
Wands
 q - a wand of quicksilver (7)
 v - a wand of polymorph (7)
 I - a wand of flame (18)
Scrolls
 g - a scroll of poison {unknown}
 j - 3 scrolls of teleportation
 l - 2 scrolls of fear
 p - 3 scrolls of magic mapping {unknown}
 s - a scroll of enchant weapon {unknown}
 x - a scroll of immolation {unknown}
 y - 2 scrolls of amnesia {unknown}
 A - a scroll of vulnerability
 C - a scroll of enchant armour {unknown}
 G - 2 scrolls of blinking
 K - a scroll of silence {unknown}
 O - a scroll of summoning {unknown}
Potions
 d - a potion of might
 e - a potion of degeneration {unknown}
 f - 4 potions of curing
 h - 2 potions of attraction
 k - a potion of ambrosia {unknown}
 m - 2 potions of haste
 n - a potion of magic {unknown}
 o - 4 potions of brilliance
 r - 4 potions of flight
 z - a potion of invisibility
 F - 2 potions of resistance {unknown}
 H - a potion of heal wounds
 M - 2 potions of lignification


   Skills:
 + Level 9.0(14.0) Fighting
 * Level 11.2(16.2) Axes
 + Level 9.1(14.1) Armour
 + Level 9.0(14.0) Shields


You had 9 spell levels left.
You didn't know any spells.
Your spell library contained the following spells:

 Spells                   Type           Power      Damage    Failure   Level
 Vhi's Electric Charge    Tloc/Air       0%         N/A       98%         3
 Cause Fear               Hex            0%         N/A       100%        4
 Arcjolt                  Conj/Air       0%         1d10      100%        5
 Dragon Form              Tmut           0%         N/A       100%        7
 Maxwell's Capacitive Co  Air            0%         ∞         100%        8
 Dragon's Call            Summ           Unusable   N/A       N/A         9

Dungeon Overview and Level Annotations

Branches:
Dungeon (8/15)             Temple (1/1) D:7           Sewer (visited)
   Lair: D:8-11

Altars:
Ashenzari
Cheibriados
Dithmenos
Elyvilon
Fedhas
Gozag
Hepliaklqana
Makhleb
Nemelex Xobeh
Okawaru
Qazlal
Ru
Sif Muna
Trog
Uskayaw
Vehumet
Xom
Yredelemnul
Zin
The Shining One

Shops:
D:4 (   D:6 [((

Annotations:
D:6 hollowman's ghost, novice TeAE


Innate Abilities, Weirdness & Mutations

You have a pair of horns on your head.
You reflexively headbutt those who attack you in melee.


Message History

The glob of acid hits you!
The yellow draconian annihilator spits acid at you.
The glob of acid hits you. The acid corrodes you!
The yellow draconian annihilator gestures at you while chanting.
The bolt of lightning hits you!!
* * * LOW HITPOINT WARNING * * *
You hear a shout!
Found a gateway leading deeper into the Abyss.
An ancient zyme comes into view.
You feel yourself growing ill in the presence of the ancient zyme.
A small abomination comes into view.
The small abomination moves out of view.
You feel yourself growing ill in the presence of the ancient zyme.
Okay, then.
You feel much better.
You feel ill.
You feel better.
You slash the small abomination!
The small abomination is moderately damaged.
You hit the ancient zyme but do no damage.
The small abomination hits you! You block the ancient zyme's attack.
The ancient zyme hits you. The small abomination hits you!
* * * LOW HITPOINT WARNING * * *
You slash the small abomination!
The small abomination is heavily damaged.
You barely miss the ancient zyme.
You block the small abomination's attack.
You hit the small abomination but do no damage.
The small abomination is heavily damaged.
You hit the ancient zyme. The ancient zyme hits you.
* * * LOW HITPOINT WARNING * * *
The ancient zyme hits you.
* * * LOW HITPOINT WARNING * * *
The small abomination hits you.
* * * LOW HITPOINT WARNING * * *
You gain the combat prowess of a mighty hero.
The small abomination hits you.
* * * LOW HITPOINT WARNING * * *
You block the ancient zyme's attack. The ancient zyme closely misses you.
You feel ill. The small abomination hits you!
You die...

.. .≈~~~~≈~#. ..#..#
.#.~~~≈~~###.#...>#.
. #~ ≈~~~~##.# ..#..
.~~♣≈~≈≈## ......#.
~~~~~...#.....#
≈~~~~#...#.###. ~~~~
##q#...# .# ~~x
#..x.#. #
~~#...#..@####
~.#...#.x# #..#####.
#... #. .. .# #. .
#. .#


You could see a yellow draconian annihilator, an ancient zyme and a small
abomination.

Vanquished Creatures
  A vampire (D:8)
  Eustachio (D:6)
  4 yaks
  2 steam dragons
  2 water moccasins
  3 black bears
  An orc warrior (D:6)
  An ice beast (D:6)
  A sky beast (D:6)
  2 centaurs
  2 ogres
  A phantom (D:3)
  5 kobold brigands (D:6)
  Blork the orc (D:6)
  3 bullfrogs
  2 scorpions
  8 wights (D:7)
  6 killer bees (D:8)
  A howler monkey (D:4)
  A jelly (D:6)
  7 hounds
  Crazy Yiuf (D:2)
  4 orc priests (D:7)
  A gnoll bouda (D:6)
  3 iron imps (D:5)
  Jessica (D:2)
  2 sleepcaps (D:6)
  Terence (D:2)
  5 iguanas
  Natasha (thrice) (D:2)
  13 adders
  A shadow imp (D:7)
  2 ufetubi (D:5)
  2 worms (D:3)
  3 dart slugs
  13 orcs
  9 ball pythons
  3 bats
  7 endoplasms
  15 giant cockroaches
  6 goblins
  5 hobgoblins
  7 quokkas
  3 training dummies (D:4)
  6 frilled lizards
  13 kobolds
  8 rats
192 creatures vanquished.

Vanquished Creatures (others)
  5 fungi (D:2)
5 creatures vanquished.

Grand Total: 197 creatures vanquished

Notes
Turn   | Place    | Note
-------+----------+-------------------------------------------
     0 | D:1      | Kauriferous the Minotaur Fighter began the quest for the
                  | Orb.
     0 | D:1      | Reached XP level 1. HP: 19/19 MP: 0/0
   123 | D:1      | Reached XP level 2. HP: 27/27 MP: 1/1
   757 | D:2      | Noticed Jessica
   883 | D:2      | Killed Jessica
   884 | D:2      | Reached skill level 3 in Axes
   884 | D:2      | Reached XP level 3. HP: 19/33 MP: 2/2
   992 | D:2      | Noticed Natasha
  1037 | D:2      | Killed Natasha
  1038 | D:2      | Reached XP level 4. HP: 14/41 MP: 3/3
  1061 | D:2      | Noticed Natasha
  1147 | D:2      | Killed Natasha
  1665 | D:2      | Noticed Terence
  1675 | D:2      | Killed Terence
  1676 | D:2      | Reached XP level 5. HP: 28/47 MP: 4/4
  1799 | D:2      | Noticed Natasha
  1805 | D:2      | Killed Natasha
  2197 | D:2      | Found a runed translucent door.
  2198 | D:2      | Noticed Crazy Yiuf
  2223 | D:2      | Killed Crazy Yiuf
  2224 | D:2      | Reached skill level 4 in Axes
  2371 | D:3      | Reached skill level 5 in Shields
  2384 | D:3      | Found a faded altar of an unknown god.
  2418 | D:3      | Reached skill level 5 in Fighting
  2418 | D:3      | Reached skill level 5 in Armour
  2630 | D:3      | Noticed a phantom
  2640 | D:3      | Killed a phantom
  2641 | D:3      | Reached XP level 6. HP: 56/56 MP: 5/5
  2805 | D:3      | Found a hazy altar of Hepliaklqana.
  3124 | D:4      | Found Omenal's Firing Range.
  3132 | D:4      | Bought a throwing net for 30 gold pieces
  3340 | D:4      | Reached skill level 5 in Axes
  4245 | D:5      | Entered Level 5 of the Dungeon
  4345 | D:5      | Reached XP level 7. HP: 48/62 MP: 6/6
  4595 | D:5      | Reached skill level 6 in Axes
  4616 | D:5      | Found a burning altar of Makhleb.
  4633 | D:5      | Found a glowing drain.
  4646 | Sewer    | Entered a sewer
  5305 | D:5      | Reached XP level 8. HP: 52/70 MP: 7/7
  5386 | D:5      | Reached skill level 7 in Axes
  5941 | D:6      | Noticed Blork the orc
  6315 | D:6      | Killed Blork the orc
  6488 | D:6      | Reached skill level 8 in Axes
  6593 | D:6      | Found Teurchoc's Antique Armour Shoppe.
  6602 | D:6      | Found Puhoide's Weapon Shoppe.
  6613 | D:6      | Found Raytu's Weapon Shoppe.
  6703 | D:6      | Found a runed translucent gate.
  6704 | D:6      | Found a runed translucent gate.
  6705 | D:6      | Found a runed translucent gate.
  6708 | D:6      | Noticed hollowman's ghost (novice TeAE)
  6918 | D:5      | You fall into a shaft and drop 2 floors!
  6921 | D:7      | Found a staircase to the Ecumenical Temple.
  6930 | Temple   | Entered the Ecumenical Temple
  6935 | Temple   | Became a worshipper of Warmaster Okawaru
  6975 | D:7      | Found a shimmering altar of Xom.
  7217 | D:7      | Reached XP level 9. HP: 79/79 MP: 8/8
  7352 | D:8      | Reached * piety under Okawaru
  7353 | D:8      | Reached skill level 9 in Axes
  7965 | D:7      | Reached skill level 10 in Axes
  8320 | D:7      | Found a stormy altar of Qazlal.
  8449 | D:7      | Reached ** piety under Okawaru
  9129 | D:6      | Reached XP level 10. HP: 46/90 MP: 9/9
  9274 | D:6      | Noticed Eustachio
  9289 | D:6      | Killed Eustachio
  9402 | D:6      | Reached skill level 11 in Axes
  9450 | D:6      | Identified the +5 rapier of Luoton {speed, Will++}
  9511 | D:6      | Found a glowing silver altar of Zin.
  9580 | Abyss:1  | Cast into level 1 of the Abyss (kobold brigand)
  9604 | Abyss:1  | Noticed a yellow draconian annihilator
  9635 | Abyss:1  | Slain by a small abomination

Illustrated notes

Levels and vault maps discovered:
D:1:      dpeg_arrival_snail, layout_loops_ring
D:2:      layout_basic, st_stairs_2, minmay_misc_feat_ornament, uniq_natasha,
          uniq_crazy_yiuf_cottage, uniq_jessica, uniq_terence
D:3:      layout_rooms, lemuel_coloured_pillars_altar,
          hellmonk_ecumenical_altar_arch_garden
D:4:      layout_layer_cave, nicolae_shop_firing_range
D:5:      layout_basic, demons_altar, portal_sewer_entry_d, nicolae_sextant,
          kennysheep_cluttered_room
D:6:      minmay_chambers_of_threes, layout_rooms, zin_treasury,
          gammafunk_ghost_nasty_kobolds, nicolae_shop_distant_corner_stores,
          uniq_eustachio, uniq_blork_the_orc
D:7:      layout_layer_cave, xom_butterflies, nicolae_overflow_crystal_walls,
          minmay_temple_entry_offerings
D:8:      layout_loops_ring, dpeg_lair_monsters
Temple:   minmay_freezing_vapour_temple
Abyss:1:  base:
D:5

Skill      XL: |  1  2  3  4  5  6  7  8  9 10 |
---------------+-------------------------------+-----
Armour         | 4 5 6 7 8 9 |  9.1
Shields        | 4 5 6 7 8 9 |  9.0
Fighting       | 4 5 6 7 8 9 |  9.0
Axes           | 3 4 5 6 8 10 11 | 11.2

Action                     |  1- 3 |  4- 6 |  7- 9 | 10-12 || total
---------------------------+-------+-------+-------+-------++-------
  Melee: War axe           |    32 |   121 |   312 |    63 ||   528
         Headbutt          |     9 |    14 |    48 |    10 ||    81
         Unarmed           |     4 |       |       |       ||     4
  Throw: Dart              |       |     7 |     4 |       ||    11
 Invoke: Heroism           |       |       |     1 |     2 ||     3
    Use: Scroll            |       |     1 |     9 |       ||    10
         Potion            |       |       |     3 |     2 ||     5
 Armour: Scale mail        |    12 |    36 |   126 |    15 ||   189
         Skin              |     4 |     4 |       |       ||     8
  Dodge: Dodged            |    33 |    47 |   127 |    11 ||   218
  Block: Buckler           |     3 |    42 |   200 |    28 ||   273
         Reflection        |       |     5 |     2 |     1 ||     8

Table legend: (Time is in decaauts)
 A = Elapsed time spent in this place.
 B = Non-inter-level travel time spent in this place.
 C = Inter-level travel time spent in this place.
 D = Time resting spent in this place.
 E = Time spent auto-exploring this place.
 F = Levels seen in this place.
 G = Mean time per level.
                   A        B        C        D        E       F      G
               +--------+--------+--------+--------+--------+-----+--------+
         Total |   9828 |   8771 |   1057 |   1732 |   4862 |  11 |  893.5 |
       Dungeon |   9050 |   8000 |   1050 |   1683 |   4734 |   8 | 1131.2 |
        Temple |     10 |      3 |      7 |      0 |      0 |   1 |   10.0 |
         Abyss |     54 |     54 |      0 |      0 |     23 |   1 |   54.0 |
         Sewer |    712 |    712 |      0 |     49 |    104 |   1 |  712.0 |
               +--------+--------+--------+--------+--------+-----+--------+

Top non-repeatable levels by time:
     D:5: 1569 daAuts
     D:2: 1544 daAuts
     D:7: 1410 daAuts
     D:4: 1340 daAuts
     D:6: 1188 daAuts
     D:1: 822 daAuts
   Sewer: 712 daAuts
     D:8: 608 daAuts
     D:3: 566 daAuts
 Abyss:1: 54 daAuts
  Temple: 10 daAuts
